 Dungeon Sprint DCSS version 0.27-a0-156-gbcd94eb011 (webtiles) character file.

Game seed: 10933528076082765689

2621 mhtbhm the Martial Artist (level 9, -2/69 HPs)
             Began as an Octopode Transmuter on Jan 28, 2021.
             Was a High Priest of Sif Muna.
             Slain by a basilisk (6 damage)
             ... in the Dungeon (Sprint IX: "|||||||||||||||||||||||||||||").
             The game lasted 00:01:53 (567 turns).

mhtbhm the Martial Artist (Octopode Transmuter)      Turns: 567, Time: 00:01:54

Health: -2/69      AC:  8    Str: 12    XL:     9   Next: 60%
Magic:  17/21      EV: 14    Int: 18    God:    Sif Muna [*****.]
Gold:   0          SH:  0    Dex: 13    Spells: 10/25 levels left

rFire    x . .     SeeInvis .     - Unarmed
rCold    + + +     Faith    .   (shield currently unavailable)
rNeg     . . .     Spirit   .   (helmet currently unavailable)
rPois    +         Reflect  .   (no amulet)
rElec    .         Harm     .   k - +3 ring of intelligence
rCorr    .         Rampage  .   l - +2 ring of protection
Will     .....     NoTele   +   (no ring)
Stlth    +++.......             (no ring)
HPRegen  0.21/turn              (no ring)
MPRegen  0.17/turn              (no ring)
                                (no ring)
                                (no ring)

@: ice-form, wereblooded
A: large, almost no armour, stealthy swim, amphibious, 8 rings, (constrict 8)
a: End Transformation, Renounce Religion, Channel Magic, Forget Spell, Divine
Exegesis


You were in the Dungeon.
You worshipped Sif Muna.
Sif Muna was extremely pleased with you.
You were a creature of crystalline ice.
You visited 1 branch

Inventory:

Jewellery
 k - a +3 ring of intelligence (left front paw)
 l - a +2 ring of protection (right front paw)
Wands
 j - a wand of iceblast (10)
Scrolls
 g - 2 scrolls of blinking
 h - 3 scrolls of remove curse
 i - 2 scrolls of amnesia
 o - a scroll of fear
 p - 2 scrolls of enchant weapon
 q - a scroll of fog
 r - 3 scrolls of identify
 s - 2 scrolls of enchant armour
Potions
 a - a potion of invisibility
 b - 4 potions of curing
 c - 2 potions of heal wounds
 d - 2 potions of haste
 e - 4 potions of magic
 f - a potion of resistance
 m - 2 potions of berserk rage
 n - a potion of brilliance


   Skills:
 + Level 4.0 Fighting
 + Level 7.4 Dodging
 + Level 5.7 Stealth
 + Level 14.7 Unarmed Combat
 + Level 8.5 Spellcasting
 + Level 8.6 Transmutations
 + Level 1.5 Ice Magic
 + Level 3.0 Poison Magic


You had 10 spell levels left.
You knew the following spells:

 Your Spells              Type           Power        Failure   Level
a - Beastly Appendage     Tmut           76%          1%          1
b - Wereblood             Tmut           38%          1%          2
c - Spider Form           Tmut/Pois      14%          2%          3
d - Blade Hands           Tmut           19%          8%          5
e - Ice Form              Ice/Tmut       26%          11%         4

Your spell library contained the following spells:

 Spells                   Type           Power        Failure   Level


Dungeon Overview and Level Annotations

Branches:
Dungeon (1/1)

Altars:
Cheibriados
Dithmenos
Elyvilon
Fedhas
Gozag
Hepliaklqana
Kikubaaqudgha
Makhleb
Nemelex Xobeh
Okawaru
Qazlal
Ru
Sif Muna
Trog
Uskayaw
Vehumet
Wu Jian
Xom
Yredelemnul
Zin
The Shining One
Beogh
Jiyva
Lugonu


Innate Abilities, Weirdness & Mutations

You cannot wear most types of armour.
You are very stealthy in the water. (Stealth+)
You are amphibious.
You can wear up to eight rings at the same time.
((You can use your tentacles to constrict eight enemies at once.))
((Your skin changes colour to match your surroundings (Stealth+).))
((Your rubbery body absorbs attacks. (AC +1, EV +1)))


Message History

The bullfrog is severely wounded.
The blink frog blinks!
The bullfrog hits you.
You pummel the bullfrog!! You freeze the bullfrog.
You kill the bullfrog!
Sif Muna accepts your kill.
Unknown command.
You pummel the blink frog!! You freeze the blink frog.
You kill the blink frog!
Sif Muna accepts your kill.
Sif Muna will now gift you books as you gain piety.
You see here a book of Flames.
Sif Muna grants you a gift! The basilisk bites you!!
* * * LOW HITPOINT WARNING * * *
Your Fighting skill increases to level 4!
Your Poison Magic skill increases to level 3!
You punch the basilisk! You freeze the basilisk.
The basilisk is heavily wounded.
The basilisk bites you.
You die...

▓.▓.▓_▓
▓.▓.▓_▓
▓.▓.▓_▓
▓.▓.▓_▓
▓.▓.▓_▓
▓.▓.▓_▓
▓†▓.▓_▓
▓l▓.▓_▓
▓Y▓.▓_▓
▓§▓.▓_▓
▓.▓.▓_▓
▓.▓.▓_▓
▓.▓.▓'▓
▓[▓.▓.▓
▓§▓.▓.▓
▓)▓.▓.▓
▓.▓.▓.▓


You could see a basilisk.

Vanquished Creatures
  An unseen horror (D)
  An ugly thing (D)
  A gargoyle (D)
  A cane toad (D)
  A komodo dragon (D)
  A blink frog (D)
  An ice beast (D)
  A black bear (D)
  A wolf (D)
  5 bullfrogs (D)
  A hound (D)
  2 worker ants (D)
  An adder (D)
  A shadow imp (D)
  2 orcs (D)
  A bat (D)
  A bat zombie (D)
  2 goblins (D)
  A hobgoblin (D)
  A jackal (D)
  A frilled lizard (D)
  A quokka zombie (D)
  A rat (D)
30 creatures vanquished.

Notes
Turn   | Place    | Note
-------+----------+-------------------------------------------
     0 | D        | mhtbhm the Octopode Transmuter began the quest for the Orb.
     0 | D        | Reached XP level 1. HP: 13/13 MP: 3/3
    14 | D        | Reached skill level 4 in Unarmed Combat
    54 | D        | Noticed a hound
    54 | D        | Noticed a worker ant
    58 | D        | Reached XP level 2. HP: 17/18 MP: 3/5
    65 | D        | Reached skill level 1 in Stealth
    65 | D        | Reached skill level 5 in Unarmed Combat
    65 | D        | Reached XP level 3. HP: 11/23 MP: 4/7
    70 | D        | Reached skill level 6 in Unarmed Combat
    70 | D        | Reached XP level 4. HP: 27/28 MP: 5/9
    81 | D        | Learned a level 2 spell: Wereblood
    85 | D        | Learned a level 3 spell: Spider Form
    85 | D        | Found a roughly hewn altar of Beogh.
    85 | D        | Found a snail-covered altar of Cheibriados.
    85 | D        | Found a shadowy altar of Dithmenos.
    85 | D        | Found a white marble altar of Elyvilon.
    85 | D        | Found a blossoming altar of Fedhas.
    85 | D        | Found an opulent altar of Gozag.
    86 | D        | Found a hazy altar of Hepliaklqana.
    87 | D        | Found a viscous altar of Jiyva.
    88 | D        | Found an ancient bone altar of Kikubaaqudgha.
    89 | D        | Found a corrupted altar of Lugonu.
    90 | D        | Found a burning altar of Makhleb.
    91 | D        | Found a sparkling altar of Nemelex Xobeh.
    92 | D        | Found an iron altar of Okawaru.
    93 | D        | Found a stormy altar of Qazlal.
    94 | D        | Found a sacrificial altar of Ru.
    95 | D        | Found a shimmering blue altar of Sif Muna.
    96 | D        | Found a bloodstained altar of Trog.
    97 | D        | Found a hide-covered altar of Uskayaw.
    98 | D        | Found a radiant altar of Vehumet.
    99 | D        | Found an ornate altar of the Wu Jian Council.
   100 | D        | Found a shimmering altar of Xom.
   101 | D        | Found a basalt altar of Yredelemnul.
   102 | D        | Found a glowing silver altar of Zin.
   103 | D        | Found a glowing golden altar of the Shining One.
   107 | D        | Became a worshipper of Sif Muna the Loreminder
   136 | D        | Noticed a gargoyle
   143 | D        | Killed a gargoyle
   144 | D        | Reached skill level 10 in Unarmed Combat
   144 | D        | Reached skill level 5 in Spellcasting
   144 | D        | Reached skill level 5 in Transmutations
   144 | D        | Reached XP level 5. HP: 35/35 MP: 4/12
   144 | D        | Reached XP level 6. HP: 41/41 MP: 4/14
   149 | D        | Killed an unseen horror
   150 | D        | Reached skill level 5 in Dodging
   150 | D        | Reached skill level 12 in Unarmed Combat
   150 | D        | Reached skill level 1 in Poison Magic
   150 | D        | Reached XP level 7. HP: 45/46 MP: 5/17
   150 | D        | Reached XP level 8. HP: 51/52 MP: 5/18
   150 | D        | Reached * piety under Sif Muna
   156 | D        | Reached ** piety under Sif Muna
   196 | D        | Learned a level 5 spell: Blade Hands
   201 | D        | Learned a level 4 spell: Ice Form
   278 | D        | Noticed a green ugly thing
   290 | D        | Killed a green ugly thing
   291 | D        | Reached skill level 13 in Unarmed Combat
   295 | D        | Reached *** piety under Sif Muna
   296 | D        | Reached skill level 5 in Stealth
   539 | D        | Noticed a cane toad
   539 | D        | Noticed a komodo dragon
   539 | D        | Noticed a blink frog
   547 | D        | Killed a komodo dragon
   548 | D        | Reached XP level 9. HP: 32/57 MP: 14/21
   551 | D        | Killed a cane toad
   551 | D        | Reached **** piety under Sif Muna
   552 | D        | Reached skill level 14 in Unarmed Combat
   552 | D        | Reached skill level 1 in Ice Magic
   566 | D        | Reached ***** piety under Sif Muna
   566 | D        | Received a gift from Sif Muna
   567 | D        | Slain by a basilisk

Illustrated notes

Levels and vault maps discovered:
D:        linesprint [early_d, line_temple, items_1, d_10, items_2, lair_1,
          lair_end, items_3, orc_1, orc_end, items_4, d_15, swamp_1, shoals_1,
          snake_1, spider_1, d_20, vaults_1, items_5, swamp_end, shoals_end,
          snake_end, spider_end, vaults_end, d_27, items_6, zot_1, zot_end,
          crypt_end, forest_end, elf_end, slime_end, tomb_end, abyss_end,
          pan_hell_end]

Skill      XL: |  1  2  3  4  5  6  7  8  9 |
---------------+----------------------------+-----
Unarmed Combat | 4 5 6 10 12 13 14 | 14.7
Dodging        | 3 4 5 6 7 |  7.4
Stealth        | 1 3 4 5 |  5.7
Spellcasting   | 3 5 6 8 |  8.5
Transmutations | 3 5 6 7 8 |  8.6
Fighting       | 2 3 4 |  4.0
Poison Magic   | 1 2 3 |  3.0
Ice Magic      | 1 |  1.5

Action                   |  1- 3 |  4- 6 |  7- 9 || total
-------------------------+-------+-------+-------++-------
Melee: Unarmed           |    23 |    13 |    49 ||    85
       Constrict         |     7 |       |       ||     7
       Tentacles         |     6 |       |       ||     6
       Kick              |     1 |     2 |       ||     3
       Punch             |     1 |       |       ||     1
 Cast: Beastly Appendage |     2 |     1 |       ||     3
       Wereblood         |       |     1 |     2 ||     3
       Spider Form       |       |     1 |       ||     1
       Ice Form          |       |       |     2 ||     2
  Use: Potion            |     1 |     2 |     2 ||     5
 Stab: Sleeping          |     1 |       |       ||     1
Armor: Skin              |       |     1 |     4 ||     5
Dodge: Dodged            |    19 |     6 |    20 ||    45

Table legend: (Time is in decaauts)
 A = Elapsed time spent in this place.
 B = Non-inter-level travel time spent in this place.
 C = Inter-level travel time spent in this place.
 D = Time resting spent in this place.
 E = Time spent auto-exploring this place.
 F = Levels seen in this place.
 G = Mean time per level.
                   A        B        C        D        E       F      G
               +--------+--------+--------+--------+--------+-----+--------+
         Total |    555 |    555 |      0 |    135 |    204 |   1 |  555.0 |
       Dungeon |    555 |    555 |      0 |    135 |    204 |   1 |  555.0 |
               +--------+--------+--------+--------+--------+-----+--------+

Top non-repeatable levels by time:
       D: 555 daAuts
